 Dungeon Crawl Stone Soup version 0.23-a0-49-gd9f7a49 (webtiles) character file.

20 topirishpotato the Insei (level 2, 0/21 HPs)
             Began as a Demonspawn Transmuter on Aug 7, 2018.
             Slain by Terence
             ... wielding a +4 flail of protection
              (5 damage)
             ... on level 1 of the Dungeon.
             The game lasted 00:04:22 (1452 turns).

topirishpotato the Insei (Demonspawn Transmuter)    Turns: 1452, Time: 00:04:23

Health: 0/21       AC: 10    Str: 10    XL:     2   Next: 58%
Magic:  4/5        EV: 12    Int: 14    God:
Gold:   50         SH:  0    Dex: 13    Spells: 4/5 levels left

rFire    + . .     SeeInvis .     - Unarmed
rCold    + . .     Gourm    .   (no shield)
rNeg     . . .     Faith    .   n - +0 leather armour
rPois    +         Spirit   .   (no helmet)
rElec    +         Reflect  .   (no cloak)
rCorr    +         Harm     .   (no gloves)
MR       .....                  m - +0 pair of boots
Stlth    +.........             (no amulet)
HPRegen  0.07/turn              i - +4 ring of protection
MPRegen  0.09/turn              (no ring)

@: appendage, resistant
A: horns 2, yellow scales 1
a: End Transformation


You were on level 1 of the Dungeon.
You were hungry.
You had grown temporary horns.
You visited 1 branch of the dungeon, and saw 2 of its levels.

You collected 50 gold pieces.

Inventory:

Missiles
 a - 28 arrows
Armour
 b - a +0 robe
 m - a +0 pair of boots (worn)
 n - a +0 leather armour (worn)
Jewellery
 i - a +4 ring of protection (left hand)
Scrolls
 c - a scroll of identify {unknown}
 f - a scroll of magic mapping {unknown}
 g - 2 scrolls of remove curse {unknown}
 k - a scroll of enchant armour {unknown}
 l - a scroll of amnesia {unknown}
Comestibles
 d - 2 rations


   Skills:
 + Level 1.0 Fighting
 + Level 1.9 Dodging
 + Level 3.2 Unarmed Combat
 - Level 2.0 Spellcasting
 + Level 2.1 Transmutations


You had 4 spell levels left.
You knew the following spells:

 Your Spells              Type           Power        Failure   Level  Hunger
a - Beastly Appendage     Tmut           #.....       14%         1    ##.....

Your spell library contained the following spells:

 Spells                   Type           Power        Failure   Level  Hunger
 Spider Form              Tmut/Pois      #.........   54%         3    ####...
 Blade Hands              Tmut           #.........   98%         5    ######.
 Ice Form                 Ice/Tmut       #.......     91%         4    #####..
 Sticks to Snakes         Tmut           #.......     21%         2    ###....


Dungeon Overview and Level Annotations

Branches:
Dungeon (2/15)

Altars:

Annotations:
D:1 Terence


Innate Abilities, Weirdness & Mutations

You are partially covered in yellow scales. (AC +2)
You have a pair of horns on your head.


Message History

* * * LOW HITPOINT WARNING * * *
Your horns disappear.
There is a stone staircase leading down here.
Terence shouts, "DIE!!!"
Your magical contamination has completely faded away.
You see here a club.
You open the door. Terence completely misses you.
There is an open door here.
There isn't anything here!
There is a stone staircase leading up here.
You can't go down here!
Terence barely misses you.
You climb upwards.
There is a stone staircase leading down here.
Casting: Beastly Appendage (safe; 1% risk of failure)
Confirm with . or Enter, or press ? or * to list all spells.
You grow a pair of large bovine horns.
You feel a little less clever now.
Terence hits you with a flail of protection.
You die...

.....#.####### #.# ###
.............# #.# #..
.....#...###.# #.# #.# .........#
#.# #.# #.# ##.####.## #.# #.#
##.# .#.# #.# #.####.# #... ...#
#.# #....#.# #..# ...# #รท#
##...@#.# #..# .)## #.#
#.....@.###### #..# .## #.#
#............#### #..# ##
####.###.......####....# #..# #
#..............# #....# #...
#..............####....####.##
#.##.####....####...........##
####.##.# ##.#### #.............
.....##.###...######.........####
#######............####...####


You could see Terence.

Vanquished Creatures
  2 bats (D:1)
  A giant cockroach (D:1)
  4 hobgoblins
  4 kobolds (D:1)
  2 frilled lizards (D:1)
  2 goblins (D:1)
  3 rats (D:1)
18 creatures vanquished.

Notes
Turn   | Place    | Note
-------+----------+-------------------------------------------
     0 | D:1      | topirishpotato the Demonspawn Transmuter began the quest for the Orb.
     0 | D:1      | Reached XP level 1. HP: 15/15 MP: 3/3
   235 | D:1      | Reached skill level 3 in Unarmed Combat
   467 | D:1      | Gained mutation: You are partially covered in yellow scales. (AC +2) [demonic ancestry]
   467 | D:1      | Reached XP level 2. HP: 10/21 MP: 5/5
  1385 | D:2      | Noticed Terence
  1452 | D:1      | Slain by Terence

Vault maps used:
D:1:      mrwooster_arrival_arrow, kennysheep_crisscross
D:2:      serial_park_tiny_2, lemuel_tele_altar, uniq_terence, uniq_robin

Skill      XL: |  1 |
---------------+----+-----
Unarmed Combat | 3 |  3.2
Transmutations | 2 |  2.1
Fighting       | |  1.0
Dodging        | |  1.9
Spellcasting   | |  2.0

Action                   || total
-------------------------++-------
Melee: Unarmed           ||    84
       Kick              ||     4
       Headbutt          ||     3
       Punch             ||     1
 Cast: Beastly Appendage ||     5
  Use: Potion            ||     3
  Eat: Chunk             ||     1
Armor: Robe              ||    21
       Leather armour    ||     2
Dodge: Dodged            ||    45

Table legend:
 A = Spawn XP
 B = Non-spawn XP
 C = Spawn XP percentage of total XP
 D = Spawn monster count
 E = Non-spawn monster count
 F = Spawn count percentage of total count
 G = Total turns spent on level
                    A         B        C        D         E        F      G
               +---------+---------+-------+---------+---------+-------+---------
         Total |       0 |      29 |   0.0 |       0 |      18 |   0.0 |  1452
               +---------+---------+-------+---------+---------+-------+---------
           D:1 |       0 |      27 |   0.0 |       0 |      17 |   0.0 |  1289
           D:2 |       0 |       2 |   0.0 |       0 |       1 |   0.0 |   163
               +---------+---------+-------+---------+---------+-------+---------
